 Dungeon Crawl Stone Soup version 0.18-a0-29-gce27f3c (webtiles) character file.

5897 tp1 the Infuser (level 10, -7/45 HPs)
             Began as a Deep Elf Conjurer on Nov 4, 2015.
             Was a Priest of Vehumet.
             Mangled by an orc warrior
             ... wielding a cursed -3 short sword
              (13 damage)
             ... on level 9 of the Dungeon.
             The game lasted 01:08:43 (10464 turns).

tp1 the Infuser (Deep Elf Conjurer)                Turns: 10464, Time: 01:08:45

Health: -7/45      AC:  8    Str:  5    XL:     10   Next: 53%
Magic:  9/26       EV: 15    Int: 24    God:    Vehumet [***...]
Gold:   181        SH:  0    Dex: 19    Spells: 6 memorised, 14 levels left

rFire  . . .     SeeInvis +     E - staff of conjuration
rCold  + . .     Clarity  .     a - +1 robe
rNeg   + + +     SustAt   .     (no shield)
rPois  .         Gourm    .     (no helmet)
rElec  .         Spirit   .     G - +2 cloak
rCorr  .         Warding  .     (no gloves)
rMut   +         Stasis   .     (no boots)
MR     +....                    j - amulet "Sualor" {rMut *Corrode rN+++ Dex+4 SInv}
Stlth  ++++......               (no ring)
                                g - ring of protection from cold

@: somewhat resistant to hostile enchantments, stealthy
A: slimy green scales 1, frail 1, screaming 1
a: Renounce Religion


You were on level 9 of the Dungeon.
You worshipped Vehumet.
Vehumet was most pleased with you.
You were near starving.

You visited 2 branches of the dungeon, and saw 10 of its levels.

You collected 422 gold pieces.
You spent 241 gold pieces at shops.

Inventory:

Hand Weapons
 t - a +0 blowgun
 y - a +0 rapier of protection
Missiles
 k - 4 curare-tipped needles
 s - 42 poisoned needles
Armour
 a - a +1 robe (worn)
 n - a -2 pair of boots
 x - a +0 leather armour
 G - a +2 cloak (worn)
Magical Staves
 E - an uncursed staff of conjuration (weapon)
Rods
 d - a +1 rod of clouds (12/12)
   (You found it on level 4 of the Dungeon)
Jewellery
 g - a ring of protection from cold (left hand)
 j - the amulet "Sualor" (around neck) {rMut *Corrode rN+++ Dex+4 SInv}
   (You found it on level 5 of the Dungeon)

   [amulet of resist mutation]

   It protects you from mutation.
   It affects your dexterity (+4).
   It renders you almost immune to negative energy.
   It lets you see invisible.
   It may corrode your equipment when you take damage.
 o - an uncursed amulet of the gourmand
 F - an uncursed amulet of guardian spirit
 N - an uncursed ring of ice {unknown}
 O - an uncursed amulet of resist corrosion
 R - an uncursed ring of fire {unknown}
Wands
 J - a wand of disintegration (15)
 Q - a wand of frost (11)
Scrolls
 e - a scroll of fear
 f - a scroll of teleportation
 v - 2 scrolls of identify
 C - 3 scrolls of noise
 I - a scroll of fog
 S - a scroll of remove curse
Potions
 h - a potion of mutation
 i - 2 potions of magic
 r - 2 potions of might
 u - a potion of flight
 w - a potion of resistance
 z - 2 potions of ambrosia
 A - a potion of poison {unknown}
 D - 2 potions of berserk rage {unknown}
 K - a potion of lignification {unknown}
 L - a potion of degeneration {unknown}
 M - a potion of haste {unknown}
Books
 b - a book of Conjurations

   Spells                             Type                      Level
   a - Magic Dart                     Conjuration                  1
   b - Searing Ray                    Conjuration                  2
   c - Dazzling Spray                 Conjuration/Hexes            3
   d - Fulminant Prism                Conjuration/Hexes            4
   e - Iskenderun's Mystic Blast      Conjuration                  4
   f - Iskenderun's Battlesphere      Conjuration/Charms           5
 p - a book of Clouds

   Spells                             Type                      Level
   a - Mephitic Cloud                 Conjuration/Poison/Air       3
   b - Conjure Flame                  Conjuration/Fire             3
   c - Poisonous Cloud                Conjuration/Poison/Air       6
   d - Freezing Cloud                 Conjuration/Ice/Air          6
   e - Ring of Flames                 Charms/Fire                  7
Comestibles
 c - 7 bread rations
 l - 6 meat rations
 m - a royal jelly
 q - 3 beef jerkies
 B - 4 fruits
 P - 9 slices of pizza


   Skills:
 - Level 4.0 Dodging
 - Level 6.3 Stealth
 - Level 10.0 Spellcasting
 - Level 11.0 Conjurations
 - Level 3.0 Hexes
 + Level 11.4 Charms
 - Level 3.0 Fire Magic


You had 14 spell levels left.
You knew the following spells:

 Your Spells              Type           Power        Failure   Level  Hunger
a - Magic Dart            Conj           ####         1%          1    None
b - Searing Ray           Conj           ######       1%          2    None
c - Dazzling Spray        Conj/Hex       ######..     1%          3    None
d - Iskenderun's Battles  Conj/Chrm      #######.     1%          5    ####...
e - Flame Tongue          Conj/Fire      #####        1%          1    None
f - Conjure Flame         Conj/Fire      ######..     1%          3    None


Dungeon Overview and Level Annotations

Branches:
Dungeon (9/15)             Temple (1/1) D:4
   Lair: D:8-11         Orc: D:9-12

Altars:
Ashenzari
Cheibriados
Dithmenos
Elyvilon
Fedhas
Kikubaaqudgha
Makhleb
Nemelex Xobeh
Okawaru
Qazlal
Ru
Sif Muna
Trog
Vehumet
Xom
Yredelemnul
The Shining One

Shops:
D:6 :?

Annotations:
D:3 1 exclusion, Ijustatesigmund's ghost, amateur GrGl
D:9 Grum


Innate Abilities, Weirdness & Mutations

You are partially covered in slimy green scales (AC +2).
You are frail (-10% HP).
You occasionally shout uncontrollably at your foes.


Message History

Aiming: Magic Dart
Press: ? - help, Shift-Dir - straight line, f/p - orc warrior
Aim: an orc warrior, wielding an enchanted short sword and wearing a chain mail (moderately wounded)
Okay, then.
Read which item? (? for menu, Esc to quit)
Okay, then.
Drink which item? (? for menu, Esc to quit)
Okay, then.
Casting: Magic Dart
Confirm with . or Enter, or press ? or * to list all spells.
Aiming: Magic Dart
Press: ? - help, Shift-Dir - straight line, f/p - orc warrior
Aim: an orc warrior, wielding an enchanted short sword and wearing a chain mail (moderately wounded)
You feel a surge of power!
The magic dart hits the orc warrior.
The orc warrior is moderately wounded.
Your battlesphere fires!
The barrage of energy hits the orc warrior.
The orc warrior is almost dead.
The orc warrior hits you with an enchanted short sword!
You die...

....# ...####
...#.$# .....#
. .)..###..
#####).ยง*....
#............
#<)..@.......
#....o..###).
#........#
##....#.$#
####.#### #.#
#.. #...


You could see an orc warrior.

Vanquished Creatures
  Pikel (D:4)
  Psyche (D:9)
  A two-headed ogre (D:8)
  A human (D:7)
  Eustachio (D:6)
  A hog (D:7)
  6 yaks (D:9)
  Menkaure (D:4)
  A wolf (D:8)
  Duvessa (D:4)
  A sky beast (D:5)
  2 orc warriors
  A water moccasin (D:6)
  2 ogres
  An ice beast (D:8)
  6 centaurs
  2 giant frogs (D:7)
  3 scorpions
  Dowan (D:4)
  6 wights
  7 crimson imps
  A giant frog zombie (D:5)
  6 jellies
  A gnoll shaman (D:7)
  Crazy Yiuf (D:6)
  6 iguanas
  7 hounds
  3 orc priests
  2 worker ants (D:8)
  5 orc wizards
  Jessica (D:2)
  3 sheep (D:7)
  7 adders
  10 gnolls
  3 shadow imps
  2 oozes (D:1)
  An adder zombie (D:6)
  4 worms
  5 giant geckos
  17 orcs
  12 hobgoblins
  11 jackals
  8 kobolds
  3 quokkas
  3 ball pythons
  9 bats
  10 giant cockroaches
  A giant gecko skeleton (D:5)
  7 giant newts
  6 goblins
  12 rats
214 creatures vanquished.

Vanquished Creatures (others)
  An orc wizard (D:8)
1 creature vanquished.

Grand Total: 215 creatures vanquished

Notes
Turn   | Place    | Note
--------------------------------------------------------------
     0 | D:1      | tp1 the Deep Elf Conjurer began the quest for the Orb.
     0 | D:1      | Reached XP level 1. HP: 10/10 MP: 6/6
   205 | D:1      | Reached XP level 2. HP: 15/15 MP: 2/9
   209 | D:1      | Learned a level 2 spell: Searing Ray
  1119 | D:2      | Reached XP level 3. HP: 19/19 MP: 7/11
  1127 | D:2      | Reached skill level 5 in Spellcasting
  1527 | D:2      | Noticed Jessica
  1559 | D:2      | Reached skill level 5 in Conjurations
  1631 | D:2      | Killed Jessica
  1631 | D:2      | Reached XP level 4. HP: 24/24 MP: 5/13
  1952 | D:2      | Found a shattered altar of Ashenzari.
  2401 | D:2      | Reached skill level 6 in Conjurations
  2805 | D:2      | Found a shattered altar of Ashenzari.
  2919 | D:3      | Reached XP level 5. HP: 28/28 MP: 7/14
  2924 | D:3      | Learned a level 3 spell: Dazzling Spray
  2930 | D:3      | Learned a level 5 spell: Iskenderun's Battlesphere
  3109 | D:3      | Noticed Ijustatesigmund's ghost (amateur GrGl)
  3449 | D:3      | Found a sacrificial altar of Ru.
  3568 | D:3      | Found an iron altar of Okawaru.
  3669 | D:3      | Found a snail-covered altar of Cheibriados.
  3939 | D:3      | Gained mutation: You occasionally shout uncontrollably at your foes. [potion of mutation]
  3939 | D:3      | Gained mutation: You are partially covered in slimy green scales (AC +2). [potion of mutation]
  3939 | D:3      | Gained mutation: You are frail (-10% HP). [potion of mutation]
  4071 | D:4      | Noticed Menkaure
  4074 | D:4      | Reached skill level 5 in Charms
  4074 | D:4      | Reached XP level 6. HP: 15/28 MP: 6/15
  4094 | D:4      | Killed Menkaure
  4194 | D:4      | Identified a cursed +0 rod of clouds (10/10) (You found it on level 4 of the Dungeon)
  4214 | D:4      | Found a staircase to the Ecumenical Temple.
  4214 | D:4      | Noticed Pikel
  4219 | D:4      | Killed Pikel
  4219 | D:4      | Reached skill level 10 in Charms
  4219 | D:4      | Reached XP level 7. HP: 28/32 MP: 6/16
  4225 | Temple   | Entered the Ecumenical Temple
  4448 | Temple   | Became a worshipper of Vehumet
  4823 | D:4      | Noticed Duvessa
  4827 | D:4      | Noticed Dowan
  4845 | D:4      | Killed Dowan
  4847 | D:4      | Killed Duvessa
  4847 | D:4      | Reached XP level 8. HP: 14/36 MP: 8/17
  4956 | D:5      | Entered Level 5 of the Dungeon
  5228 | D:5      | Got a wavering amethyst amulet
  5230 | D:5      | Identified the amulet "Sualor" {rMut *Corrode rN+++ Dex+4 SInv} (You found it on level 5 of the Dungeon)
  5262 | D:5      | Reached * piety under Vehumet
  5262 | D:5      | Offered knowledge of Flame Tongue by Vehumet.
  5265 | D:5      | Learned a level 1 spell: Flame Tongue
  5463 | D:5      | Found a glowing golden altar of the Shining One.
  5546 | D:5      | Found a deep blue altar of Sif Muna.
  5571 | D:5      | You fall through a shaft!
  5641 | D:6      | Found Kyithoh's Magic Scroll Shop.
  5645 | D:6      | Bought a scroll of blinking for 82 gold pieces
  5645 | D:6      | Bought a scroll of identify for 22 gold pieces
  5645 | D:6      | Bought a scroll of blinking for 82 gold pieces
  5645 | D:6      | Bought a scroll of identify for 22 gold pieces
  5713 | D:6      | Found Qanoenk's Book Boutique.
  5756 | D:6      | Reached skill level 10 in Spellcasting
  5769 | D:6      | Reached skill level 1 in Fire Magic
  5800 | D:6      | Noticed Eustachio
  5835 | D:6      | Killed Eustachio
  5835 | D:6      | Reached XP level 9. HP: 36/40 MP: 14/25
  5921 | D:6      | Noticed Crazy Yiuf
  5927 | D:6      | Killed Crazy Yiuf
  6040 | D:6      | Found an iron altar of Okawaru.
  6044 | D:6      | Found a bloodstained altar of Trog.
  6106 | D:6      | Reached skill level 1 in Hexes
  6311 | D:6      | Found Kyithoh's Magic Scroll Shop.
  6315 | D:6      | Bought a scroll of noise for 11 gold pieces
  6315 | D:6      | Bought a scroll of fog for 22 gold pieces
  6413 | D:6      | Found Qanoenk's Book Boutique.
  6539 | D:6      | Found an iron altar of Okawaru.
  6540 | D:6      | Found a bloodstained altar of Trog.
  6884 | D:7      | Offered knowledge of Freeze by Vehumet.
  6931 | D:7      | Reached ** piety under Vehumet
  7140 | D:7      | Found a stormy altar of Qazlal.
  7280 | D:7      | Reached skill level 5 in Stealth
  7703 | D:7      | Found a blossoming altar of Fedhas.
  7874 | D:7      | Found a blossoming altar of Fedhas.
  8067 | D:7      | Found a stormy altar of Qazlal.
  8202 | D:8      | Offered knowledge of Conjure Flame by Vehumet.
  8249 | D:8      | Learned a level 3 spell: Conjure Flame
  8348 | D:8      | Reached XP level 10. HP: 45/45 MP: 17/26
 10051 | D:9      | Reached skill level 10 in Conjurations
 10345 | D:9      | Noticed a hill giant
 10347 | D:9      | Noticed Grum
 10364 | D:8      | Reached skill level 11 in Conjurations
 10403 | D:9      | Noticed Psyche
 10407 | D:9      | Killed Psyche
 10456 | D:9      | Reached *** piety under Vehumet
 10464 | D:9      | Mangled by an orc warrior

Vault maps used:
D:1:      minmay_arrival_hallway, minmay_misc_feat_room
D:2:      wad_woods_pond, marbit_many_paths, uniq_jessica
D:3:      nicolae_ru_the_path_less_chosen, overflow_temple_1_default,
          okawaru_ov_weapons_minmay
D:4:      temple_green, uniq_menkaure, uniq_duvessa, uniq_pikel
D:5:      grunt_gozag_statues, kennysheep_little_box, kennysheep_mini,
          first_bread
D:6:      grunt_temple_overflow_bloody_war, serial_shops, shop, shop,
          uniq_crazy_yiuf_cottage, uniq_eustachio
D:7:      lemuel_doored_altar, nicolae_qazlal_eye_of_the_storm, grunt_livestock,
          minmay_misc_feat_more_columns, abandoned_shop, minmay_liquid_box
D:9:      hangedman_cross_cluster, kennysheep_mini_moat, st_stairs_14,
          uniq_psyche, uniq_joseph, uniq_grum
Temple:   minmay_temple_bridge_a_8

Action                   |  1- 3 |  4- 6 |  7- 9 | 10-12 || total
-------------------------+-------+-------+-------+-------++-------
Melee: Unarmed           |     9 |       |       |       ||     9
 Cast: Magic Dart        |    77 |   107 |   175 |    58 ||   417
       Searing Ray       |     3 |     6 |     3 |       ||    12
       Iskenderun's Batt |       |     2 |    34 |    13 ||    49
Evoke: Rod               |       |       |     1 |       ||     1
  Use: Scroll            |       |     9 |     8 |     3 ||    20
       Potion            |       |     4 |     1 |     1 ||     6
  Eat: Chunk             |     2 |    19 |    11 |     9 ||    41
       Bread ration      |       |       |       |     1 ||     1
